 Dungeon Crawl Stone Soup version 0.18.1-48-g4cf74bf (webtiles) character file.

40 torvon the Charmwright (level 3, 0/28 HPs)
             Began as a Merfolk Skald on Aug 8, 2016.
             Slain by a gnoll
             ... wielding a +0 club
              (4 damage)
             ... on level 2 of the Dungeon.
             The game lasted 00:07:17 (1262 turns).

torvon the Charmwright (Merfolk Skald)              Turns: 1262, Time: 00:07:19

Health: 0/28       AC:  4    Str: 13    XL:     3   Next: 50%
Magic:  0/6        EV: 15    Int: 16    God:
Gold:   90         SH:  0    Dex: 13    Spells: 2 memorised, 4 levels left

rFire  . . .     SeeInvis .     a - +0 spear
rCold  . . .     Gourm    .     h - +0 troll leather armour
rNeg   . . .     Faith    .     (no shield)
rPois  .         Spirit   .     (no helmet)
rElec  .         Dismiss  .     (no cloak)
rCorr  .         Reflect  .     (no gloves)
SustAt .         Harm     .     (no boots)
MR     .....                    (no amulet)
Stlth  +.........               (no ring)
                                j - +3 ring of evasion

@: brilliant, infused (expiring), not resistant to hostile enchantments, very
unstealthy
A: change form in water, swift swim
a: no special abilities


You were on level 2 of the Dungeon.
You were very hungry.

You visited 1 branch of the dungeon, and saw 2 of its levels.

You collected 90 gold pieces.

Inventory:

Hand Weapons
 a - a +0 spear (weapon)
 l - a +0 hunting sling
Armour
 b - a +0 leather armour
 h - a +0 troll leather armour (worn)
 o - a +0 large shield
Jewellery
 j - a +3 ring of evasion (left hand)
Scrolls
 g - a scroll of magic mapping {unknown}
 k - a scroll of immolation {unknown}
 m - a scroll of enchant armour {unknown}
Potions
 e - a potion of heal wounds {unknown}
 i - a potion of brilliance
 p - a potion of degeneration {unknown}
Books
 c - a book of Battle

   Spells                             Type                      Level
   a - Infusion                       Charms                       1
   b - Shroud of Golubria             Charms/Translocation         2
   c - Song of Slaying                Charms                       2
   d - Spectral Weapon                Hexes/Charms                 3
   e - Regeneration                   Charms/Necromancy            3
Comestibles
 d - 2 bread rations
 f - 2 slices of pizza
 n - a beef jerky


   Skills:
 + Level 2.5 Fighting
 * Level 3.6 Polearms
 - Level 0.6 Armour
 + Level 2.0 Dodging
 + Level 2.5 Spellcasting
 + Level 3.7 Charms


You had 4 spell levels left.
You knew the following spells:

 Your Spells              Type           Power        Failure   Level  Hunger
a - Infusion              Chrm           ###.         1%          1    #......
b - Shroud of Golubria    Chrm/Tloc      ###.......   2%          2    ##.....


Dungeon Overview and Level Annotations

Branches:
Dungeon (2/15)

Altars:

Annotations:
D:2 Sigmund


Message History

The gnoll misses you. The gnoll barely misses you.
You hit the gnoll.
The gnoll is heavily wounded.
Your magical infusion is running out.
The gnoll closely misses you.
You hit the gnoll.
The gnoll is heavily wounded.
The gnoll hits you with a club.
* * * LOW HITPOINT WARNING * * *
The gnoll hits you but does no damage.
You barely miss the gnoll.
The gnoll is heavily wounded.
The gnoll closely misses you.
It was a potion of brilliance.
You feel clever all of a sudden. The gnoll closely misses you. x2
You hit the gnoll but do no damage.
The gnoll is heavily wounded.
The gnoll closely misses you. The gnoll hits you with a club.
You die...

######### .....gg@#
#######g# #.# ..
#####.####
..########........#
........##........#
........##........#
........##........#
........##........#


You could see 3 gnolls.

Vanquished Creatures
  A gnoll (D:2)
  An orc (D:1)
  3 giant cockroaches
  4 goblins (D:1)
  2 hobgoblins (D:1)
  6 kobolds
  6 bats
  A giant newt (D:2)
  4 rats (D:1)
28 creatures vanquished.

Notes
Turn   | Place    | Note
--------------------------------------------------------------
     0 | D:1      | torvon the Merfolk Skald began the quest for the Orb.
     0 | D:1      | Reached XP level 1. HP: 16/16 MP: 3/3
   431 | D:1      | Reached XP level 2. HP: 23/23 MP: 5/5
  1003 | D:2      | Noticed Sigmund
  1170 | D:2      | Reached XP level 3. HP: 28/28 MP: 6/6
  1225 | D:2      | Learned a level 2 spell: Shroud of Golubria
  1262 | D:2      | Slain by a gnoll

Skill      XL: |  1  2 |
---------------+-------+-----
Dodging        | 2 |  2.0
Fighting       | |  2.5
Polearms       | |  3.6
Armour         | |  0.6
Spellcasting   | |  2.5
Charms         | |  3.7

Action                   || total
-------------------------++-------
Melee: Spear             ||    89
 Cast: Infusion          ||     8
       Shroud of Golubri ||     1
  Use: Scroll            ||     2
       Potion            ||     1
Armor: Leather armour    ||    10
       Troll leather arm ||    19
Dodge: Dodged            ||    94
